 Dungeon Crawl Stone Soup version 0.20-a0-502-g555d78b (webtiles) character file.

66 dondy the Covered (level 4, 0/29 HPs)
             Began as a Gargoyle Fighter on Jan 20, 2017.
             Slain by Grinder (2 damage)
             ... on level 3 of the Dungeon.
             The game lasted 00:06:05 (1785 turns).

dondy the Covered (Gargoyle Fighter)                Turns: 1785, Time: 00:06:06

Health: 0/29       AC: 11    Str: 20    XL:     4   Next: 15%
Magic:  4/4        EV:  9    Int:  9    God:
Gold:   90         SH:  4    Dex:  9    Spells: 3/3 levels left

rFire    . . .     SeeInvis .   a - +0 flail
rCold    . . .     Gourm    .   b - +0 scale mail
rNeg     + . .     Faith    +   i - +0 buckler
rPois    ∞         Spirit   .   (no helmet)
rElec    +         Reflect  .   q - +0 cloak
rCorr    .         Harm     .   (no gloves)
MR       +....     Rnd*Tele +   (no boots)
Stlth    ..........             k - amulet of faith
Regen    0.1/turn               o - ring of teleportation (curse)
                                m - ring of protection from magic

@: no status effects
A: negative energy resistance 1, electricity resistance, unbreathing,
petrification resistance, rot immunity, AC +3
a: no special abilities


You were on level 3 of the Dungeon.
You were not hungry.

You visited 1 branch of the dungeon, and saw 3 of its levels.

You collected 90 gold pieces.

Inventory:

Hand Weapons
 a - a +0 flail (weapon)
Armour
 b - a +0 scale mail (worn)
 c - a +0 shield
 i - a +0 buckler (worn)
 q - a +0 cloak (worn)
Jewellery
 k - an amulet of faith (around neck)
 m - a ring of protection from magic (left hand)
 o - a cursed ring of teleportation (right hand)
Scrolls
 e - a scroll of amnesia {unknown}
Potions
 d - a potion of might
 j - a potion of lignification
 n - a potion of curing {unknown}
 p - a potion of resistance {unknown}
Comestibles
 f - a bread ration
 h - a slice of pizza


   Skills:
 + Level 3.8 Fighting
 * Level 2.6 Maces & Flails
 - Level 4.0 Armour
 + Level 3.9 Shields


You had 3 spell levels left.
You didn't know any spells.

Dungeon Overview and Level Annotations

Branches:
Dungeon (3/15)

Altars:
Uskayaw

Annotations:
D:3 Grinder, Terence


Innate Abilities, Weirdness & Mutations

You are resistant to torment.
Your stone body is resilient. (AC +3)
You are immune to poison.
You resist negative energy. (rN+)
You are resistant to electric shocks. (rElec)
You can survive without breathing.
You are immune to petrification.
You are immune to rotting.


Message History

Your scale mail prevents you from hitting Grinder.
Grinder is severely wounded.
Grinder gestures at you. Pain shoots through your body!
You sock Grinder!
Grinder is almost dead.
Grinder gestures at you. Pain shoots through your body! Grinder hits you.
* * * LOW HITPOINT WARNING * * *
You writhe in agony.
* * * LOW HITPOINT WARNING * * *
You barely miss Grinder.
Grinder is almost dead.
Grinder hits you but does no damage.
You barely miss Grinder.
Grinder is almost dead.
Grinder hits you.
* * * LOW HITPOINT WARNING * * *
You writhe in agony.
You die...

..### #..... ......#
.......## ....§...#
#...#.#.## .........###
....#.#....############
........##†#<(@.......#
....######.)..5(......#
.. ###..........#
#......<...#
............#
###..........#
#..........#
#..........# .......


You could see Grinder.

Vanquished Creatures
  2 adders (D:2)
  A worm (D:2)
  A dart slug (D:3)
  3 giant cockroaches
  7 goblins
  3 hobgoblins
  6 jackals
  5 kobolds
  8 bats
  A frilled lizard (D:1)
  4 rats (D:2)
41 creatures vanquished.

Vanquished Creatures (others)
  A goblin (D:3)
1 creature vanquished.

Grand Total: 42 creatures vanquished

Notes
Turn   | Place    | Note
-------+----------+-------------------------------------------
     0 | D:1      | dondy the Gargoyle Fighter began the quest for the Orb.
     0 | D:1      | Reached XP level 1. HP: 14/14 MP: 1/1
   261 | D:1      | Reached XP level 2. HP: 19/19 MP: 2/2
   786 | D:2      | Reached skill level 4 in Armour
   786 | D:2      | Reached XP level 3. HP: 23/23 MP: 3/3
  1120 | D:2      | Reached XP level 4. HP: 29/29 MP: 4/4
  1132 | D:2      | Found a hide-covered altar of Uskayaw.
  1239 | D:3      | Found a faded altar of an unknown god.
  1239 | D:3      | Noticed Terence
  1326 | D:3      | Noticed Grinder
  1337 | D:3      | Paralysed by Grinder for 2 turns
  1612 | D:3      | Paralysed by Grinder for 5 turns
  1785 | D:3      | Slain by Grinder

Vault maps used:
D:1:      dpeg_arrival_chase, minivault_25
D:2:      lemuel_round_altar
D:3:      chequers_temple_overflow_statue_of_worship, serial_glass,
          glass_columns_c, glass_columns_a, glass_columns_a, glass_columns_a,
          chequers_ecumenical_altar_island, bloody_trog, uniq_grinder,
          uniq_crazy_yiuf_cottage, uniq_iyjb, uniq_terence

Skill      XL: |  1  2 |
---------------+-------+-----
Armour         | 4 |  4.0
Fighting       | |  3.8
Maces & Flails | |  2.6
Shields        | |  3.9

Action                   |  1- 3 |  4- 6 || total
-------------------------+-------+-------++-------
Melee: Flail             |   113 |    45 ||   158
  Use: Scroll            |       |     2 ||     2
  Eat: Chunk             |     1 |     2 ||     3
Armor: Scale mail        |    74 |    16 ||    90
Dodge: Dodged            |    53 |    22 ||    75
Block: Shield            |    10 |       ||    10
       Buckler           |    22 |     5 ||    27
